 Dungeon Crawl Stone Soup version 0.19.0-11-g3fc08b3 (webtiles) character file.

112 thirtiethelement the Bolt Thrower (level 4, -2/32 HPs)
             Began as an Octopode Wanderer on Nov 9, 2016.
             Slain by gazerockf's ghost (4 damage)
             ... on level 3 of the Dungeon.
             The game lasted 00:11:04 (1134 turns).

thirtiethelement the Bolt Thrower (OpWn)            Turns: 1134, Time: 00:11:05

Health: -2/32      AC:  2    Str: 11    XL:     4   Next: 95%
Magic:  5/5        EV: 13    Int: 14    God:
Gold:   109        SH:  0    Dex: 12    Spells: 0 memorised, 3 levels left

rFire  + . .     SeeInvis .     q - -3 dagger (curse)
rCold  . . .     Gourm    .     (no shield)
rNeg   . . .     Faith    .     o - +1 hat
rPois  .         Spirit   .     i - amulet of harm
rElec  .         Reflect  .     g - ring of protection from fire
rCorr  .         Harm     +     (no ring)
MR     .....                    (no ring)
Stlth  +++.......               (no ring)
                                (no ring)
                                (no ring)
                                (no ring)
                                (no ring)

@: no status effects
A: almost no armour, stealthy swim, amphibious, 8 rings, constrict 8, camouflage
1, gelatinous body 1
a: no special abilities


You were on level 3 of the Dungeon.
You were hungry.

You visited 1 branch of the dungeon, and saw 3 of its levels.

You collected 109 gold pieces.

Inventory:

Hand Weapons
 b - a +0 hand crossbow
 q - a cursed -3 dagger (weapon)
Missiles
 c - 10 bolts
Armour
 o - a +1 hat (worn)
Jewellery
 g - a ring of protection from fire (left tentacle)
 i - an amulet of harm (around mantle)
Wands
 a - a wand of flame (26/48)
Scrolls
 h - 2 scrolls of recharging
 m - a scroll of remove curse
Potions
 d - a potion of lignification
 e - a potion of cure mutation {unknown}
 j - a potion of degeneration {unknown}
 p - a potion of resistance {unknown}
Comestibles
 f - 2 bread rations
 k - a beef jerky
 l - 12 fruits
 n - a meat ration


   Skills:
 + Level 3.6 Fighting
   Level 1.0 Staves
 + Level 4.8 Crossbows
 + Level 1.1 Dodging
 + Level 1.7 Stealth
 + Level 1.3 Evocations


You had 3 spell levels left.
You didn't know any spells.

Dungeon Overview and Level Annotations

Branches:
Dungeon (3/15)

Altars:
Fedhas

Annotations:
D:3 gazerockf's ghost, amateur DgHu


Innate Abilities, Weirdness & Mutations

You cannot wear most types of armour.
You are very stealthy in the water. (Stealth+)
You are amphibious.
You can wear up to eight rings at the same time.
You can use your tentacles to constrict eight enemies at once.
Your skin changes colour to match your surroundings (Stealth+).
Your rubbery body absorbs attacks. (AC +1, EV +1)


Message History

The bat barely misses you. Gazerockf's ghost hits you.
You miss gazerockf's ghost. The bat closely misses you. x2
The orc priest calls down the wrath of Beogh upon you.
Beogh smites you!
* * * LOW HITPOINT WARNING * * *
Gazerockf's ghost hits you.
* * * LOW HITPOINT WARNING * * *
You barely miss gazerockf's ghost. The bat closely misses you.
The bat hits you.
* * * LOW HITPOINT WARNING * * *
Gazerockf's ghost misses you.
You hit gazerockf's ghost but do no damage.
Your squeeze misses gazerockf's ghost. The bat misses you.
The bat closely misses you. The bat hits you.
* * * LOW HITPOINT WARNING * * *
The bat barely misses you. Gazerockf's ghost barely misses you.
You barely miss gazerockf's ghost. The bat hits you.
* * * LOW HITPOINT WARNING * * *
The bat closely misses you. Gazerockf's ghost hits you.
You die...

# ### .# #.. .## #.#
#.# #.#
#.##########@####
##...!.....gWbbo.# #
##...#########g##o....
###...........


goS. ...> ......g...#... oog...... #.###.###.# ..Z....... #.##..# .# ??........
#.....# # .(......o# ...######.#.# [#..o.# You could see an orc priest,
gazerockf's ghost, an adder, 4 orcs, a hound zombie, 3 hobgoblins, a goblin and
2 bats.

Vanquished Creatures
  2 orc wizards (D:3)
  An adder (D:2)
  An ooze (D:2)
  A dart slug (D:2)
  A leopard gecko (D:2)
  4 orcs (D:3)
  A giant cockroach (D:1)
  8 goblins
  4 hobgoblins
  4 jackals (D:1)
  2 kobolds (D:1)
  3 bats
  4 frilled lizards (D:1)
  7 rats
43 creatures vanquished.

Notes
Turn   | Place    | Note
-------+----------+-------------------------------------------
     0 | D:1      | thirtiethelement the Octopode Wanderer began the quest for the Orb.
     0 | D:1      | thirtiethelement set off with: a wand of flame (15/48), a +0 hand crossbow, 22 bolts, a potion of lignification, a bread ration
     0 | D:1      | Reached XP level 1. HP: 16/16 MP: 1/1
   144 | D:1      | Reached XP level 2. HP: 21/21 MP: 2/2
   572 | D:2      | Reached XP level 3. HP: 26/26 MP: 3/3
   697 | D:2      | Reached skill level 4 in Crossbows
   764 | D:2      | Found a blossoming altar of Fedhas.
   931 | D:3      | Reached XP level 4. HP: 31/31 MP: 4/4
  1089 | D:3      | Noticed gazerockf's ghost (amateur DgHu)
  1134 | D:3      | Slain by gazerockf's ghost

Skill      XL: |  1  2  3 |
---------------+----------+-----
Crossbows      | 4 |  4.8
Fighting       | |  3.6
Staves         | |  1.0
Dodging        | |  1.1
Stealth        | |  1.7
Evocations     | |  1.3

Action                   |  1- 3 |  4- 6 || total
-------------------------+-------+-------++-------
Melee: Dagger            |       |     7 ||     7
       Hand crossbow     |       |     3 ||     3
       Tentacles         |       |     1 ||     1
 Fire: Hand crossbow     |    80 |     7 ||    87
Evoke: Wand              |       |    18 ||    18
  Use: Scroll            |     4 |     1 ||     5
       Potion            |     1 |       ||     1
Armor: Skin              |    19 |    65 ||    84
Dodge: Dodged            |    16 |    15 ||    31
